AoeStats
← ✪

Arabia

508205310Analyzed
1v1 RM · 12d ago on Sep 21, 2026· 37m 50s· 2 players
Game mode
Random Map
Map size
Tiny (2 player)
Population
200
Speed
Normal
Resources
Standard
Victory
Conquest
Starting age
Dark Age
Ending age
Imperial Age
RankedLock teamsTeams togetherTeam positionsShared explorationLock speedFull tech treeHidden civsTurbo modeCheats
Victory
Defeat
🇵🇱 Burgundians · Poland
1069
+16
🇹🇷 Celts · Türkiye
1059
-16
✪
7:39 Loom
11:08 Feudal Age
12:18 Man-at-Arms
13:27 Double-Bit Axe
14:18 Horse Collar
19:22 Wheelbarrow
23:13 Castle Age
23:34 Fletching
23:48 Scale Mail Armor
24:46 Crossbowman
24:51 Pikeman
26:48 Bodkin Arrow
32:26 Chain Mail Armor
32:33 Stone Mining
33:35 Padded Archer Armor
35:02 Long Swordsman
35:30 Gambesons
35:33 Arson
LLAW ON I
0:59 Loom
13:26 Feudal Age
12:26 Horse Collar
12:37 Double-Bit Axe
18:42 Castle Age
19:04 Scale Barding Armor
18:55 Cavalier
28:37 Forging
29:26 Chain Barding Armor
36:02 Fletching
Connection lost

Rejoining the realm…

Still unreachable

The connection could not be restored.

Session expired

The server has moved on; the page needs a fresh start.